[Event "Titled Tuesday Blitz May 2 Late 2023"]
[White "Nunez V, Gustavo Eduardo"]
[Black "Ezat, Mohamed"]
[WhiteFideId "4403690"]
[BlackFideId "10600906"]
[WhiteElo "2228"]
[BlackElo "2386"]
[Result "1-0"]
[Round "03"]
[TimeControl "180+2"]
[Date "2023.05.02"]
[WhiteClock "0:00:40"]
[BlackClock "0:01:04"]

1. e4 c6 2. d3 d5 3. Nd2 e5 4. g3 f5 5. Bg2 Nf6 6. Ne2 Bd6 7. O-O O-O 8. c4 fxe4 9. dxe4 d4 10. Kh1 c5 11. h3 Nc6 12. f4 Nh5 13. Kh2 d3 14. Ng1 exf4 15. Qxh5 fxg3+ 16. Kh1 Ne5 17. Rxf8+ Qxf8 18. Ndf3 Nxc4 19. Qd5+ Qf7 20. Qxd3 h6 21. b3 Ne5 22. Qxd6 Nxf3 23. Nxf3 Bxh3 24. Qxg3 Bxg2+ 25. Kxg2 Re8 26. e5 Qd5 27. Bxh6 Re7 28. Bg5 Rf7 29. Rf1 Rf5 30. Bf6 Qf7 31. Nh4 Rh5 32. Bxg7 Qxg7 33. Qxg7+ Kxg7 34. Nf5+ Kg6 35. e6 Rh8 36. Nd6 Rg8 37. e7 Kh5+ 38. Kf3 1-0


[Site "https://www.chess.com"]

[Event "Titled Tuesday Blitz May 2 Late 2023"]
[White "Shubenkova, Veronika"]
[Black "Atanasov, Anthony"]
[WhiteFideId "44124040"]
[BlackFideId "2623897"]
[WhiteElo "2027"]
[BlackElo "2326"]
[Result "0-1"]
[Round "03"]
[TimeControl "180+2"]
[Date "2023.05.02"]
[WhiteClock "0:00:58"]
[BlackClock "0:01:13"]

1. e4 e5 2. Nf3 Nf6 3. Nxe5 d6 4. Nf3 Nxe4 5. d3 Nf6 6. d4 g6 7. Bd3 Bg7 8. O-O O-O 9. c3 c5 10. Nbd2 Nc6 11. Nb3 Bg4 12. dxc5 dxc5 13. Nxc5 Qd5 14. Be3 Rad8 15. Be2 Qh5 16. Qb3 Nd5 17. Nxb7 Nxe3 18. fxe3 Rb8 19. h3 Bc8 20. Nd4 Nxd4 21. Bxh5 Nxb3 22. axb3 Rxb7 23. Bd1 Re8 24. Kf2 Rbe7 25. Re1 Bh6 26. Bf3 Bxe3+ 27. Kf1 Bb6 28. Rxe7 Rxe7 29. Rd1 Be6 30. c4 Kg7 31. Be2 Bf5 32. b4 Be4 33. c5 Bxg2+ 34. Kxg2 Rxe2+ 35. Kf3 Rxb2 36. cxb6 Rb3+ 37. Kg2 axb6 38. Rd4 b5 39. Kh2 g5 40. Rg4 Kg6 41. Rd4 f6 42. Kg2 h5 43. Kh2 h4 44. Kg2 f5 45. Rd6+ Kh5 46. Rd4 Kg6 47. Rd6+ Kg7 48. Rd4 Kf6 49. Rd6+ Ke5 50. Rg6 Kf4 51. Rd6 Rb2+ 52. Kf1 Rxb4 53. Rd3 Re4 54. Kg2 g4 55. hxg4 fxg4 56. Rb3 h3+ 57. Kh2 b4 58. Rb2 Rc4 59. Rf2+ Ke3 60. Kg3 b3 61. Rb2 Kd4 62. Rb1 Kc3 63. Rc1+ Kb4 64. Rb1 Rd4 65. Kh2 Ka3 66. Ra1+ Kb2 67. Rg1 Rd2+ 68. Kg3 Rg2+ 69. Rxg2+ hxg2 70. Kxg2 Kc2 71. Kg3 b2 72. Kxg4 b1=Q 73. Kg3 Qb3+ 74. Kg4 Qc3 75. Kh4 Qd3 76. Kg4 Kc3 77. Kh4 Qd4+ 78. Kg5 Kd3 79. Kg6 Qe4+ 80. Kg7 Kd4 81. Kh8 Qe5+ 82. Kg8 Ke4 83. Kh7 Qf5+ 84. Kg8 Ke5 85. Kg7 Qf6+ 86. Kg8 Ke6 87. Kh7 Kd6 88. Kg8 Ke7 89. Kh7 Kd7 90. Kg8 Ke8 91. Kh7 Kd8 92. Kg8 Kc8 93. Kh7 Kc7 94. Kg8 Kc6 95. Kh7 Kc5 96. Kg8 Qe7 97. Kh8 Kd6 98. Kg8 Ke6 99. Kh8 Kf6 100. Kg8 Kg6 101. Kh8 Qe8# 0-1


[Site "https://www.chess.com"]

[Event "Titled Tuesday Blitz May 2 Late 2023"]
[White "Pasti, Aron"]
[Black "Klenburg, Michael"]
[WhiteFideId "785857"]
[BlackFideId "14102072"]
[WhiteElo "2173"]
[BlackElo "2396"]
[Result "0-1"]
[Round "03"]
[TimeControl "180+2"]
[Date "2023.05.02"]
[WhiteClock "0:00:20"]
[BlackClock "0:00:31"]

1. e4 d6 2. d4 Nf6 3. Nc3 g6 4. f4 Bg7 5. Nf3 c5 6. d5 O-O 7. a4 Na6 8. Bc4 Nc7 9. e5 Nfe8 10. h4 Bg4 11. h5 dxe5 12. hxg6 hxg6 13. fxe5 Bxe5 14. Qd2 Bg7 15. Qg5 Bxf3 16. gxf3 Nf6 17. Qh4 Nce8 18. Bh6 Nh5 19. O-O-O Bxh6+ 20. Kb1 Bg7 21. Ne4 Nef6 22. d6 e6 23. Nxc5 Qb6 24. Nxe6 fxe6 25. Bxe6+ Rf7 26. Qg5 Nh7 27. Bxf7+ Kxf7 28. Qd5+ Kf8 29. b3 N7f6 30. Qd3 Rd8 31. Qxg6 Rxd6 32. Rde1 Nf4 33. Qf5 Nd5 34. Rhg1 Qc5 35. c4 Nc3+ 36. Kc2 Qxf5+ 0-1


[Site "https://www.chess.com"]

[Event "Titled Tuesday Blitz May 2 Late 2023"]
[White "Marek, Matyas"]
[Black "Toktomushev, Teimur"]
[WhiteFideId "335398"]
[BlackFideId "14176726"]
[WhiteElo "2279"]
[BlackElo "2116"]
[Result "1-0"]
[Round "03"]
[TimeControl "180+2"]
[Date "2023.05.02"]
[WhiteClock "0:01:01"]
[BlackClock "0:00:52"]

1. Nf3 d5 2. g3 Nf6 3. Bg2 e6 4. O-O Be7 5. d3 O-O 6. Nbd2 c5 7. e4 Nc6 8. Re1 b5 9. e5 Nd7 10. Nf1 Qc7 11. Bf4 a5 12. h4 Ba6 13. h5 h6 14. N1h2 Rfc8 15. Ng4 Bf8 16. Qd2 Qd8 17. Rad1 b4 18. c4 bxc3 19. bxc3 Rab8 20. c4 Rb4 21. cxd5 exd5 22. e6 fxe6 23. Rxe6 Bb5 24. Nxh6+ gxh6 25. Rg6+ Kh8 26. Bxh6 Nde5 27. Bg5 Be7 28. Bf6+ Bxf6 29. Qh6# 1-0


[Site "https://www.chess.com"]

[Event "Titled Tuesday Blitz May 2 Late 2023"]
[White "Ramirez Vido, Robert Yorisan"]
[Black "Benedetti, Julio"]
[WhiteFideId "3513823"]
[BlackFideId "172545"]
[WhiteElo "2015"]
[BlackElo "2263"]
[Result "0-1"]
[Round "03"]
[TimeControl "180+2"]
[Date "2023.05.02"]
[WhiteClock "0:00:02"]
[BlackClock "0:00:22"]

1. f4 Nf6 2. Nf3 d5 3. g3 c5 4. d3 Nc6 5. Bg2 Qc7 6. O-O Bg4 7. c3 e6 8. h3 Bxf3 9. Bxf3 Bd6 10. e4 dxe4 11. dxe4 O-O-O 12. Qa4 e5 13. Na3 a6 14. Nc4 Kb8 15. Nxd6 Qxd6 16. Rd1 Qc7 17. Be3 exf4 18. gxf4 g5 19. e5 gxf4 20. Qxf4 Rhg8+ 21. Kf2 Nd7 22. e6 fxe6 23. Qxc7+ Kxc7 24. Bg4 Rdf8+ 25. Ke2 Nce5 26. Rg1 Nxg4 27. Rxg4 Rxg4 28. hxg4 Rg8 29. Rh1 Rxg4 30. Rxh7 Rg2+ 31. Bf2 Kc6 32. Kf3 Rg6 33. Be3 Ne5+ 34. Ke4 Nc4 35. b3 Rg4+ 36. Kd3 Ne5+ 37. Ke2 Rg2+ 38. Kf1 Rxa2 39. Rh5 Nd3 40. Rh6 Kd6 41. Rh7 b6 42. Rh8 Ke5 43. Rb8 Ke4 44. Bg5 Kf3 0-1


[Site "https://www.chess.com"]

[Event "Titled Tuesday Blitz May 2 Late 2023"]
[White "Adewumi, Tanitoluwa"]
[Black "Todorovic, Bojan"]
[WhiteFideId "30966396"]
[BlackFideId "917087"]
[WhiteElo "2283"]
[BlackElo "2266"]
[Result "1-0"]
[Round "03"]
[TimeControl "180+2"]
[Date "2023.05.02"]
[WhiteClock "0:00:01"]
[BlackClock "0:00:09"]

1. e4 g6 2. d4 Bg7 3. Bc4 d6 4. Nc3 a6 5. a4 Nc6 6. Nge2 Nf6 7. O-O O-O 8. h3 e5 9. dxe5 dxe5 10. Qxd8 Rxd8 11. Bg5 Rd6 12. Rad1 Nd4 13. Nxd4 Rxd4 14. Rxd4 exd4 15. e5 Nd7 16. e6 Ne5 17. exf7+ Kf8 18. Nd5 Nxc4 19. Nxc7 Rb8 20. Re1 Bd7 21. Re7 Rd8 22. Re1 Rc8 23. Bf4 Kxf7 24. Nd5 Bf8 25. b3 Nd6 26. Nb6 Rc7 27. Rd1 1-0


[Site "https://www.chess.com"]

[Event "Titled Tuesday Blitz May 2 Late 2023"]
[White "Perske, Thore"]
[Black "Dzida, Kamil"]
[WhiteFideId "12902195"]
[BlackFideId "21828652"]
[WhiteElo "2336"]
[BlackElo "2139"]
[Result "1/2-1/2"]
[Round "03"]
[TimeControl "180+2"]
[Date "2023.05.02"]
[WhiteClock "0:00:04"]
[BlackClock "0:00:05"]

1. d4 Nf6 2. g3 d5 3. Bg2 e6 4. Nf3 Be7 5. O-O O-O 6. c4 dxc4 7. Qc2 a6 8. a4 Bd7 9. Rd1 Bc6 10. Nc3 Bxf3 11. Bxf3 Nc6 12. Bxc6 bxc6 13. a5 Qb8 14. Qa4 Qb3 15. Qxc6 Nd5 16. Bd2 Qxb2 17. Rab1 Qa3 18. Nxd5 exd5 19. Qxd5 c3 20. Rb3 c2 21. Rc1 Qa2 22. Qc4 Rab8 23. Rc3 Qxa5 24. R3xc2 Qb5 25. Qxc7 Ba3 26. Ra1 Qxe2 27. Rxa3 Rb1+ 28. Bc1 Qd1+ 29. Kg2 h5 30. Rac3 h4 31. Qd7 Rb5 32. Rc5 Rb3 33. Rc8 h3+ 34. Kxh3 Qh5+ 35. Kg2 Qf3+ 36. Kf1 Qd1+ 37. Kg2 Qf3+ 38. Kh3 Qh5+ 39. Kg2 Qf3+ 1/2-1/2


[Site "https://www.chess.com"]

[Event "Titled Tuesday Blitz May 2 Late 2023"]
[White "Topalov, Aleksandar"]
[Black "Taboas Rodriguez, Daniel"]
[WhiteFideId "925659"]
[BlackFideId "2208466"]
[WhiteElo "2151"]
[BlackElo "2365"]
[Result "1-0"]
[Round "03"]
[TimeControl "180+2"]
[Date "2023.05.02"]
[WhiteClock "0:00:07"]
[BlackClock "0:00:02"]

1. b3 d5 2. Bb2 Bg4 3. g3 Nc6 4. Bg2 e5 5. Nf3 Bd6 6. O-O Nf6 7. d4 Bxf3 8. exf3 exd4 9. Re1+ Be7 10. Nd2 O-O 11. f4 Re8 12. Nf3 Ne4 13. Nxd4 Bb4 14. Re3 Bc5 15. a3 Bb6 16. Bxe4 Rxe4 17. Rxe4 dxe4 18. Nxc6 bxc6 19. Qe2 Qe7 20. Re1 Re8 21. Qc4 Qe6 22. Qc3 f6 23. Bc1 Qd5 24. Be3 Rd8 25. Kg2 h5 26. h4 Kh7 27. b4 Kg6 28. a4 Kf5 29. a5 Bxe3 30. Qxe3 Qd4 31. Qe2 Qd2 32. Qxh5+ Ke6 33. Rxe4+ Kd7 34. Qf7+ Kc8 35. Re7 Qd6 36. Qxg7 f5 37. Qf7 Kb7 38. Re8 Rxe8 39. Qxe8 Qd5+ 40. Kg1 Qd1+ 41. Kg2 Qxc2 42. b5 cxb5 43. Qxb5+ Ka8 44. Qe8+ Kb7 45. Qb5+ Ka8 46. a6 Qe4+ 47. f3 Qc2+ 48. Kh3 Qg2+ 49. Kxg2 c5 50. Qb7# 1-0


[Site "https://www.chess.com"]

[Event "Titled Tuesday Blitz May 2 Late 2023"]
[White "Poltorak, Sebastian"]
[Black "Roux, Baptiste"]
[WhiteFideId "1199498"]
[BlackFideId "36017450"]
[WhiteElo "2195"]
[BlackElo "2077"]
[Result "1-0"]
[Round "03"]
[TimeControl "180+2"]
[Date "2023.05.02"]
[WhiteClock "0:00:16"]
[BlackClock "0:00:08"]

1. d4 Nf6 2. c4 c5 3. d5 e6 4. Nc3 d6 5. e4 Be7 6. f3 O-O 7. Be3 e5 8. Nge2 a6 9. a4 Nh5 10. Qd2 Bd7 11. g3 Qa5 12. Ra3 Qb4 13. Bg2 Qxc4 14. O-O Qb4 15. f4 exf4 16. gxf4 Bf6 17. Bf3 g6 18. Bxh5 gxh5 19. Kh1 Kh8 20. e5 dxe5 21. fxe5 Bxe5 22. Bh6 Rg8 23. Qe3 f6 24. Ng3 Qh4 25. Nce4 Bh3 26. Ng5 Rxg5 27. Bxg5 Qxg5 28. Qxg5 fxg5 29. Rf8+ Kg7 30. Re8 Bxg3 31. Rxg3 Bd7 32. Rd8 Kf6 33. Re3 b5 34. a5 c4 35. Kg1 g4 36. Kf2 b4 37. Kg3 Kg5 38. Re5+ Kf6 39. Kf4 c3 40. bxc3 bxc3 41. Re3 c2 42. Rc3 Ba4 43. d6 Ke6 44. Rc4 Bb5 45. Rxc2 Ra7 46. Rxb8 Kxd6 47. Rb6+ Ke7 48. Rc1 Kf7 49. Kg5 Be2 50. Rc5 Kg7 51. Rbc6 Re7 52. Rc7 Kf7 53. Rxe7+ Kxe7 54. Re5+ Kd6 55. Rxe2 g3 56. hxg3 1-0


[Site "https://www.chess.com"]

[Event "Titled Tuesday Blitz May 2 Late 2023"]
[White "Seder, Mohammed"]
[Black "Ballester Llagaria, Luis Eduardo"]
[WhiteFideId "11505567"]
[BlackFideId "2297620"]
[WhiteElo "1862"]
[BlackElo "2344"]
[Result "0-1"]
[Round "03"]
[TimeControl "180+2"]
[Date "2023.05.02"]
[WhiteClock "0:00:02"]
[BlackClock "0:00:35"]

1. e4 c5 2. Nf3 e6 3. c3 d5 4. exd5 Qxd5 5. d4 Nf6 6. Be3 cxd4 7. cxd4 Nc6 8. Nc3 Qd6 9. Bd3 Be7 10. O-O O-O 11. Rc1 a6 12. Ne4 Nxe4 13. Bxe4 Nb4 14. Ne5 Nd5 15. Qf3 Nf6 16. Bxb7 Bxb7 17. Qxb7 Rab8 18. Qc6 Rxb2 19. Qxd6 Bxd6 20. Nc4 Ba3 21. Nxa3 Rxa2 22. Ra1 Rxa1 23. Rxa1 Nd5 24. Nc4 Ra8 25. Ra5 f6 26. Kf1 Kf7 27. Ke2 Kg6 28. g4 Rc8 29. Rc5 Rb8 30. h4 h5 31. f3 Rb3 32. Bd2 Rb1 33. Ne3 Nf4+ 34. Kf2 Nd3+ 35. Kg3 Nxc5 36. dxc5 Rb5 37. c6 Rc5 38. gxh5+ Kxh5 39. Ng2 e5 40. f4 Rxc6 41. fxe5 fxe5 42. Ne3 Rd6 43. Bc1 a5 44. Nf5 Rd3+ 45. Kf2 a4 46. Bg5 a3 0-1


[Site "https://www.chess.com"]

[Event "Titled Tuesday Blitz May 2 Late 2023"]
[White "Leenhouts, Koen"]
[Black "Ocelak, Jakub"]
[WhiteFideId "1008439"]
[BlackFideId "23707933"]
[WhiteElo "2409"]
[BlackElo "2044"]
[Result "1/2-1/2"]
[Round "03"]
[TimeControl "180+2"]
[Date "2023.05.02"]
[WhiteClock "0:00:09"]
[BlackClock "0:00:15"]

1. e4 g6 2. d4 Bg7 3. Nc3 d6 4. Bg5 a6 5. a4 Nc6 6. d5 Nb8 7. Qd2 c6 8. Nf3 Qa5 9. Bc4 Nf6 10. O-O cxd5 11. Bxf6 Bxf6 12. Nxd5 Qxd2 13. Nxf6+ exf6 14. Nxd2 Be6 15. Rfd1 Ke7 16. Bxe6 fxe6 17. Nc4 Rd8 18. Nb6 Ra7 19. Ra3 Nd7 20. a5 Nxb6 21. axb6 Raa8 22. Rh3 h5 23. g4 Rh8 24. gxh5 Rxh5 25. Rxh5 gxh5 26. Rd3 Rg8+ 27. Kf1 Rg5 28. c4 a5 29. Ke2 Kd7 30. b3 Kc6 31. Rf3 Rg6 32. Rh3 Rh6 33. Rd3 Rg6 34. Rh3 Rg5 35. f4 Rg2+ 36. Kf3 Rb2 37. Rxh5 Rxb3+ 38. Kg4 a4 39. Ra5 a3 40. h4 Kxb6 41. Ra8 Kc5 42. h5 Kb4 43. Ra7 Re3 44. Rxb7+ Kxc4 45. h6 Re1 46. Ra7 Kb3 47. h7 Rh1 48. Rb7+ Ka2 49. Rd7 Kb2 50. Rxd6 a2 51. Rb6+ Kc2 52. Rc6+ Kb2 53. Rb6+ Kc3 54. Ra6 Kb2 55. Rb6+ 1/2-1/2


[Site "https://www.chess.com"]

[Event "Titled Tuesday Blitz May 2 Late 2023"]
[White "Hnydiuk, Aleksander"]
[Black "Manon-og, Ramon Jr."]
[WhiteFideId "1109057"]
[BlackFideId "5200776"]
[WhiteElo "2374"]
[BlackElo "1999"]
[Result "1-0"]
[Round "03"]
[TimeControl "180+2"]
[Date "2023.05.02"]
[WhiteClock "0:01:18"]
[BlackClock "0:00:11"]

1. e4 e5 2. Nf3 Nc6 3. d4 exd4 4. Nxd4 Nxd4 5. Qxd4 Nf6 6. e5 Nh5 7. Be2 c5 8. Qc3 Nf4 9. Bxf4 b5 10. Bf3 Rb8 11. O-O b4 12. Qe3 d6 13. exd6+ Kd7 14. a3 bxa3 15. Rxa3 Rxb2 16. Rxa7+ Bb7 17. Bxb7 Bxd6 18. Bxd6 Kxd6 19. Rd1+ Kc7 20. Qxc5+ Kb8 21. Rxd8+ Rxd8 22. Ra8+ Kxb7 23. Ra7+ Kb8 24. Qc7# 1-0


[Site "https://www.chess.com"]

[Event "Titled Tuesday Blitz May 2 Late 2023"]
[White "Kovacs, Klara"]
[Black "Danielyan, Vahe"]
[WhiteFideId "733210"]
[BlackFideId "13304828"]
[WhiteElo "2179"]
[BlackElo "2423"]
[Result "1-0"]
[Round "03"]
[TimeControl "180+2"]
[Date "2023.05.02"]
[WhiteClock "0:00:52"]
[BlackClock "0:01:29"]

1. e4 e6 2. d4 d5 3. exd5 exd5 4. Nc3 Nf6 5. Bd3 Bd6 6. Nge2 Nc6 7. Bg5 Nb4 8. f3 O-O 9. Qd2 c6 10. O-O-O a5 11. h4 a4 12. a3 Nxd3+ 13. Qxd3 b5 14. Na2 Re8 15. Kb1 Rb8 16. c3 g6 17. g4 Qe7 18. Rhe1 Be6 19. Ka1 Qd8 20. h5 Rb7 21. Nf4 Bxf4 22. Bxf4 Nd7 23. hxg6 fxg6 24. Rh1 c5 25. Rh6 b4 26. Rxg6+ Kh8 27. Rh1 Re7 28. Rxe6 bxa3 29. bxa3 Nf8 30. Be5+ Kg8 31. Rxe7 Qxe7 32. Qf5 cxd4 33. Bxd4 Ng6 34. Qxd5+ Kf8 35. Bc5 1-0


[Site "https://www.chess.com"]

[Event "Titled Tuesday Blitz May 2 Late 2023"]
[White "Krishnan, Varun"]
[Black "Arnold, Ken"]
[WhiteFideId "5054508"]
[BlackFideId "2056836"]
[WhiteElo "2341"]
[BlackElo "2355"]
[Result "1-0"]
[Round "03"]
[TimeControl "180+2"]
[Date "2023.05.02"]
[WhiteClock "0:00:12"]
[BlackClock "0:00:09"]

1. d4 Nf6 2. c4 e6 3. Nc3 Bb4 4. a3 Bxc3+ 5. bxc3 b6 6. f3 Bb7 7. e4 d6 8. Bd3 Nc6 9. Ne2 e5 10. O-O h6 11. Bb2 O-O 12. f4 Re8 13. Ng3 Ne7 14. Nh5 Nxh5 15. Qxh5 Ng6 16. fxe5 dxe5 17. Rxf7 Kxf7 18. Rf1+ Kg8 19. Qxg6 Qe7 20. c5 Rf8 21. c6 Rxf1+ 22. Bxf1 Bc8 23. Bc4+ Kh8 24. Bc1 exd4 25. Bxh6 Bg4 26. cxd4 Qf6 27. Qxf6 gxf6 28. Bf4 Rd8 29. d5 Re8 30. Bd3 Re7 31. h3 Bc8 32. g4 Kg7 33. Kf2 Kf8 34. d6 cxd6 35. Bxd6 Ke8 36. Bxe7 Kxe7 37. Kg3 1-0


[Site "https://www.chess.com"]

[Event "Titled Tuesday Blitz May 2 Late 2023"]
[White "Jarocka, Liwia"]
[Black "Vovk, Orest"]
[WhiteFideId "21807558"]
[BlackFideId "14113490"]
[WhiteElo "2013"]
[BlackElo "2215"]
[Result "1-0"]
[Round "03"]
[TimeControl "180+2"]
[Date "2023.05.02"]
[WhiteClock "0:00:47"]
[BlackClock "0:00:54"]

1. c4 e6 2. Nc3 Nf6 3. e3 Bb4 4. Qc2 O-O 5. Nf3 b6 6. Be2 Bb7 7. O-O Nc6 8. a3 Be7 9. b4 d5 10. Bb2 d4 11. Nb5 dxe3 12. dxe3 a6 13. Rad1 Qc8 14. Nbd4 Nxd4 15. Bxd4 c5 16. bxc5 bxc5 17. Ba1 Be4 18. Qc3 Rd8 19. Rxd8+ Qxd8 20. Rd1 Qc7 21. Ne5 Rd8 22. Rxd8+ Bxd8 23. f3 Bb7 24. Kf2 Be7 25. Bb2 Bd6 26. g3 Bf8 27. Nd3 Nd7 28. Nf4 Nb6 29. Bd1 e5 30. Nd3 f6 31. a4 Qc6 32. Qb3 e4 33. Ne1 Bc8 34. a5 Nd7 35. fxe4 Qxe4 36. Bf3 Qf5 37. Qd3 Qe6 38. Bd5 1-0


[Site "https://www.chess.com"]

[Event "Titled Tuesday Blitz May 2 Late 2023"]
[White "Onslow, Alfie"]
[Black "Roebers, Eline"]
[WhiteFideId "436976"]
[BlackFideId "1058401"]
[WhiteElo "2114"]
[BlackElo "2356"]
[Result "1-0"]
[Round "03"]
[TimeControl "180+2"]
[Date "2023.05.02"]
[WhiteClock "0:00:10"]
[BlackClock "0:00:02"]

1. Nf3 f5 2. e4 fxe4 3. Ng5 Nf6 4. d3 e3 5. fxe3 e5 6. Be2 d5 7. O-O Be7 8. Nc3 O-O 9. e4 c6 10. Qe1 Na6 11. Nf3 Bd6 12. Bg5 Nc7 13. exd5 cxd5 14. d4 exd4 15. Nxd4 Bc5 16. Be3 Ne6 17. Rd1 Nxd4 18. Bxd4 Bxd4+ 19. Rxd4 Qb6 20. Qf2 Be6 21. Rf4 Qxb2 22. Nb5 Qxc2 23. Nd4 Qc8 24. Bd3 Qd7 25. Qh4 Rae8 26. Rxf6 gxf6 27. Nxe6 Rxe6 28. Bf5 Kh8 29. Qh3 Rfe8 30. Bxe6 Qxe6 31. Qf3 Qe3+ 32. Qxe3 Rxe3 33. Rxf6 Ra3 34. Rf7 b6 35. Rd7 Rxa2 36. Rxd5 Kg7 37. Rd6 Kf7 38. h4 Ra4 39. g3 Ra2 40. h5 Ke7 41. Rh6 b5 42. Rxh7+ Kf6 43. Rc7 b4 44. h6 Ra1+ 45. Kg2 Ra2+ 46. Kh3 Ra1 47. h7 Rh1+ 48. Kg2 Rh5 49. Rxa7 Kg6 50. Rb7 Rxh7 51. Rxb4 Rc7 52. Rb6+ Kg5 53. Kh3 Rc4 54. Rb5+ Kg6 55. g4 Kh6 56. Kh4 Kg6 57. Rb6+ Kg7 58. Kg5 Rc5+ 59. Kh4 Rc4 60. Kh5 Rc5+ 61. g5 Rc1 62. Rb7+ Kg8 63. Kh6 1-0


[Site "https://www.chess.com"]

[Event "Titled Tuesday Blitz May 2 Late 2023"]
[White "Buchenau, Frank"]
[Black "Loiacono, Antonio"]
[WhiteFideId "4604350"]
[BlackFideId "895415"]
[WhiteElo "2157"]
[BlackElo "2257"]
[Result "1-0"]
[Round "03"]
[TimeControl "180+2"]
[Date "2023.05.02"]
[WhiteClock "0:00:18"]
[BlackClock "0:00:13"]

1. e4 e5 2. Bc4 Nc6 3. Nf3 Bc5 4. c3 Nf6 5. d3 O-O 6. O-O d5 7. exd5 Nxd5 8. Re1 Bg4 9. h3 Bh5 10. b4 Be7 11. b5 Na5 12. Rxe5 Nf6 13. Nbd2 a6 14. bxa6 Nxc4 15. Nxc4 Rxa6 16. Qe2 Re8 17. Bg5 Bg6 18. d4 h6 19. Bh4 Kf8 20. Re1 Ng8 21. Bxe7+ Rxe7 22. Rxe7 Nxe7 23. Nfe5 Kg8 24. h4 Qd5 25. h5 Bf5 26. Ne3 Qxa2 27. Qf3 Be6 28. c4 c6 29. Rd1 Ra3 30. Qe4 Qe2 31. Rb1 Bf5 32. Qh4 Bxb1 33. Qxe7 Qxh5 34. Qxa3 Be4 35. Qa8+ Kh7 36. Qxb7 f6 37. Nd7 Qg5 38. Nf8+ Kg8 39. Ne6 Qg6 40. Qc8+ Kf7 41. Nd8+ Ke7 42. Qc7+ Ke8 43. Ne6 Bf5 44. Nxg7+ Kf8 45. Ngxf5 h5 46. Qe7+ Kg8 47. d5 cxd5 48. cxd5 h4 49. Nxh4 Qg5 50. Nf3 Qf4 51. Qe6+ Kg7 52. Qg4+ Qxg4 53. Nxg4 Kg6 54. Ne3 f5 55. Nh4+ Kf6 56. Nhxf5 Ke5 57. d6 Ke6 58. g4 Kd7 59. g5 Ke6 60. g6 Kd7 61. g7 Ke6 62. g8=Q+ Kd7 63. Qf7+ Kc6 64. Qc7+ Kb5 65. d7 Ka6 66. d8=Q 1-0


[Site "https://www.chess.com"]

[Event "Titled Tuesday Blitz May 2 Late 2023"]
[White "Nazaretyan, Tigran"]
[Black "Gertler, David"]
[WhiteFideId "24162345"]
[BlackFideId "2017377"]
[WhiteElo "2111"]
[BlackElo "2218"]
[Result "1-0"]
[Round "03"]
[TimeControl "180+2"]
[Date "2023.05.02"]
[WhiteClock "0:00:20"]
[BlackClock "0:00:01"]

1. d4 Nf6 2. c4 Nc6 3. Nf3 e6 4. a3 d6 5. Nc3 g6 6. g3 Bg7 7. Bg2 O-O 8. O-O e5 9. dxe5 dxe5 10. Bg5 Qe8 11. Nd5 Nxd5 12. cxd5 Nb8 13. e4 c6 14. d6 f6 15. Be3 Be6 16. Qd2 Qf7 17. Rfd1 Nd7 18. h4 h5 19. Qc3 Rfd8 20. b4 Nf8 21. Rd2 Rd7 22. Rad1 Kh7 23. a4 Bh6 24. a5 Bxe3 25. Qxe3 Bg4 26. Rc1 Bxf3 27. Bxf3 Ne6 28. Bg2 Nd4 29. Rxd4 exd4 30. Qxd4 Qe6 31. Rd1 a6 32. f4 Re8 33. Kh1 Kg7 34. Kh2 Red8 35. e5 fxe5 36. fxe5 Rf7 37. Rd2 Re8 38. d7 Rd8 39. Bh3 1-0


[Site "https://www.chess.com"]

[Event "Titled Tuesday Blitz May 2 Late 2023"]
[White "Ardila, Oscar Humberto"]
[Black "Mordechai, Hanan"]
[WhiteFideId "4404742"]
[BlackFideId "2804166"]
[WhiteElo "1918"]
[BlackElo "2324"]
[Result "0-1"]
[Round "03"]
[TimeControl "180+2"]
[Date "2023.05.02"]
[WhiteClock "0:00:02"]
[BlackClock "0:00:15"]

1. d4 Nf6 2. c4 g6 3. Nc3 Bg7 4. Nf3 d6 5. e3 O-O 6. Be2 Nbd7 7. O-O e5 8. Qc2 Re8 9. b3 Qe7 10. Bb2 e4 11. Nd2 Nf8 12. Nd5 Nxd5 13. cxd5 Bf5 14. Rfc1 Rac8 15. Nf1 h5 16. Bb5 Red8 17. Qd2 h4 18. Qa5 a6 19. Be2 Nh7 20. Qb4 b6 21. Bxa6 Qg5 22. Bxc8 Rxc8 23. Qd2 Bh3 24. g3 Qf5 25. Qe2 Bg4 26. Qe1 Ng5 27. Nd2 Nh3+ 28. Kf1 Nxf2 29. Qxf2 Qh5 30. Ke1 hxg3 31. Qxg3 Bh6 32. Nf1 Bf3 33. Rc2 Kh7 34. Rf2 Re8 35. Rc1 Re7 36. Ba3 Qf5 37. Kd2 Qf6 38. Rc3 Qxd4+ 39. Kc2 Qd1+ 40. Kb2 Qe1 41. Rfc2 Qxf1 0-1


[Site "https://www.chess.com"]

[Event "Titled Tuesday Blitz May 2 Late 2023"]
[White "Prieto Aranguren, Alain"]
[Black "Karttunen, Mika"]
[WhiteFideId "2268906"]
[BlackFideId "502081"]
[WhiteElo "2209"]
[BlackElo "2396"]
[Result "1-0"]
[Round "03"]
[TimeControl "180+2"]
[Date "2023.05.02"]
[WhiteClock "0:00:07"]
[BlackClock "0:00:05"]

1. d4 Nf6 2. c4 g6 3. Nc3 d5 4. Nf3 Bg7 5. Qb3 dxc4 6. Qxc4 a6 7. e4 b5 8. Qb3 c5 9. dxc5 Nfd7 10. Be3 Nc6 11. h4 O-O 12. h5 e6 13. hxg6 hxg6 14. Rd1 Qe7 15. Nd4 Nxd4 16. Bxd4 Bxd4 17. Rxd4 Nxc5 18. Qd1 b4 19. e5 Qg5 20. Ne4 Qxe5 21. f4 Qc7 22. Qc2 Qxf4 23. Qxc5 Qe3+ 24. Be2 Bb7 25. Qe5 Qc1+ 26. Rd1 f6 27. Qxe6+ Kg7 28. Rxc1 1-0


[Site "https://www.chess.com"]

[Event "Titled Tuesday Blitz May 2 Late 2023"]
[White "Karamsetty, Jeevan"]
[Black "Van den Dikkenberg, Erik"]
[WhiteFideId "2025337"]
[BlackFideId "1005880"]
[WhiteElo "2111"]
[BlackElo "2118"]
[Result "1-0"]
[Round "03"]
[TimeControl "180+2"]
[Date "2023.05.02"]
[WhiteClock "0:00:09"]
[BlackClock "0:00:01"]

1. e4 c5 2. Nc3 d6 3. f4 g6 4. Nf3 Bg7 5. Bb5+ Bd7 6. Bc4 Nc6 7. O-O Bg4 8. Bxf7+ Kxf7 9. Ng5+ Ke8 10. Qxg4 Nf6 11. Qe6 Rf8 12. d3 Nd4 13. Qc4 a6 14. a4 Qc8 15. Rf2 h6 16. Nf3 Ng4 17. h3 Nxf2 18. Kxf2 Nxf3 19. Kxf3 Bxc3 20. bxc3 Qc6 21. Qe6 d5 22. Qxd5 Qxd5 23. exd5 c4 24. d4 Kd7 25. Rb1 Rab8 26. Ba3 b5 27. Re1 Rf7 28. axb5 Rxb5 29. Re6 g5 30. g3 gxf4 31. gxf4 Rxd5 32. Rxa6 Rdf5 33. Ra7+ Kc6 34. Bc1 Kd5 35. Ra5+ Ke6 36. Ra6+ Kd5 37. Rxh6 e5 38. dxe5 Rxe5 39. Be3 Re8 40. Rh5+ Kd6 41. Bd4 Rg8 42. Rh6+ Kd5 43. Rh5+ Kd6 44. Rc5 Rgf8 45. Rxc4 Rxf4+ 46. Kg3 Rf3+ 47. Kg2 Kd5 48. Rc5+ Kd6 49. Rg5 1-0


[Site "https://www.chess.com"]

[Event "Titled Tuesday Blitz May 2 Late 2023"]
[White "Rodriguez Santiago, Jaime"]
[Black "Kavutskiy, Konstantin"]
[WhiteFideId "3100898"]
[BlackFideId "2026384"]
[WhiteElo "2025"]
[BlackElo "2323"]
[Result "0-1"]
[Round "03"]
[TimeControl "180+2"]
[Date "2023.05.02"]
[WhiteClock "0:00:18"]
[BlackClock "0:00:07"]

1. c4 g6 2. Nc3 Bg7 3. g3 c5 4. Bg2 Nc6 5. e4 e6 6. Nge2 Nge7 7. d3 d6 8. Be3 Nd4 9. Rb1 Nec6 10. O-O O-O 11. a3 Qa5 12. b4 Nxe2+ 13. Nxe2 Qxa3 14. Rb3 Qa4 15. bxc5 dxc5 16. Bxc5 Rd8 17. Qb1 Qa5 18. Be3 Qc7 19. Nc3 b6 20. Nb5 Qd7 21. Rd1 Bb7 22. d4 Na5 23. Rc3 Rdc8 24. Bf1 a6 25. Na3 b5 26. c5 Bc6 27. Rcc1 Qb7 28. Bg2 b4 29. Nc4 Nxc4 30. Rxc4 a5 31. d5 Bb5 32. Rcc1 Ba4 33. Rd2 Rd8 34. c6 Qc7 35. Bf4 e5 36. Be3 Bf8 37. Bc5 Bd6 38. Bxd6 Rxd6 39. Rdc2 Bxc2 40. Rxc2 Rb8 41. Qb3 Rdd8 42. Qa4 Rdc8 43. Bf1 b3 44. Rb2 Qb6 45. Bc4 Qb4 46. Qxb4 Rxb4 47. Ba6 Rc7 48. Bb7 Rbxb7 49. cxb7 Rxb7 50. d6 Kf8 51. Kf1 a4 52. Rc2 bxc2 0-1


[Site "https://www.chess.com"]